[Event "Snabb-SM för veteraner, 65+ 2019"]
[Site "Schackcentrum, Vegagatan 20, Gothenburg, Sweden"]
[Date "2019.10.05"]
[Round "5.6"]
[White "Olsson, Tomas"]
[Black "Olsson, Torgny"]
[Result "1/2-1/2"]
[TimeControl "15 minutes + 10 seconds per move from move one"]
[WhiteFideId "1702696"]
[BlackFideId "1717340"]
[WhiteElo "1973"]
[BlackElo "1716"]

1. e4 e6 2. d4 d5 3. Nc3 Bb4 4. exd5 exd5 5. Bd3 Nf6 6. a3 Be7 7. Nge2 O-O 8. O-O Nc6 9. Bf4 Nh5 10. Be3 Re8 11. Qd2 g6 12.
b4 a6 13. Rfe1 Ng7 14. Nf4 Be6 15. Re2 Bf6 16. Rae1 Bxd4 17. Bxd4 Nxd4 18. Re3 Nc6 19. Nxe6 Rxe6 20. Rxe6 Nxe6 21.
Qh6 Qg5 22. Qxg5 Nxg5 23. Nxd5 Ne6 24.
g3 Kg7 25. Kg2 Ncd4 26. f4 Rd8 27. Ne3 c5 28. f5 gxf5 29. Nxf5+ Nxf5 30. Bxf5 Rd2+ 31. Kh3 Ng5+ 32. Kg4 h6 33.
h4 Rd4+ 34. Kh5 Nf3 35. Rf1 Ne5 36. bxc5 Rd5 37. g4 Rxc5 38. g5 hxg5 39. Kxg5 f6+ 40. Kf4 Rc4+ 41. Kg3 Rc3+ 42. Kh2 Rxa3 43.
Rg1+ Kh6 44. Rg8 b6 45. Rh8+ Kg7 46. Rh7+ Kg8 47. Rb7 b5 48. Rb8+ Kg7 49. Rb7+ Kf8 50. Rb8+ Ke7 51. h5 Rf3 52.
Rb7+ Kf8 53. Be6 Rc3 54. h6 Rxc2+ 55. Kg3 Rc1 56. Kg2 Rc2+ 57. Kg3 Rc6 58. h7 Ng6 59. Rb8+ Kg7 60. Rb7+ Kh6 61.
Bf5 Nh8 62. Rb8 Kg7 63. Rb7+ Kh6 64. Rb8 Kg7 65. Rg8+ Kh6 66.
Rxh8 Rc3+ 67. Kf2 Rc5 68. Bb1 f5 69. Rf8 Kxh7 70. Rxf5 Rxf5+ 71. Bxf5+ Kg7 72. Bd3 Kf6 73. Ke2 Ke5 74. Kd2 Kd4 75. Kc2 b4 76. Bxa6 1/2-1/2

[Event "Snabb-SM för veteraner, 65+ 2019"]
[Site "Schackcentrum, Vegagatan 20, Gothenburg, Sweden"]
[Date "2019.10.05"]
[Round "5.7"]
[White "Franzen, Thomas"]
[Black "Degerfeldt, Sven"]
[Result "1/2-1/2"]
[TimeControl "15 minutes + 10 seconds per move from move one"]
[WhiteFideId "1706039"]
[BlackFideId "1717430"]
[WhiteElo "1860"]
[BlackElo "1822"]

1. d4 d5 2. Bf4 c6 3. e3 Bf5 4. g4 Bg6 5. h4 h6 6. Bd3 Bxd3 7. Qxd3 e6 8. Nd2 Bd6 9. Ne2 Ne7 10.
O-O-O Bxf4 11. Nxf4 Nd7 12. Kb1 Qc7 13. Nf3 e5 14. dxe5 Nxe5 15. Nxe5 Qxe5 16. Qb3 O-O-O 17. Nd3 Qc7 18.
f4 f6 19. Qa3 b6 20. h5 c5 21. f5 Rd7 22. Nf4 Qe5 23.
Ne6 Nc6 24. Qa6+ Kb8 25. Nxc5 bxc5 26. Qxc6 Qc7 27. Qe6 Rd6 28. Qxd5 Rxd5 29. Rxd5 Rd8 30. Rhd1 Rxd5 31. Rxd5 Qc6 32. e4 Qb5 33. b3 Qb4 34.
Rd8+ Kc7 35. Re8 c4 36. a3 Qxa3 37. bxc4 Qb4+ 38. Kc1 Qxc4 39. Re7+ Kb6 40. Rxg7 Qxe4 41. Rg6 Qe5 42. Kb1 Kb5 43.
Rxh6 a5 44. Rh7 Ka4 45. Rb7 Qd5 46. Rb3 Qd1+ 47. Kb2 Qxg4 48. h6 Qxf5 49. Ra3+ Kb5 50. Rd3 Qh7 51. Rh3 f5 52. Kb3 a4+ 53.
Kb2 f4 54. Rh4 f3 55. Rf4 Qxh6 56. Rxf3 Qg7+ 57. Kc1 Qg5+ 58. Kb2 Qe5+ 59. Kc1 Qe1+ 60. Kb2 Qb4+ 61. Kc1 a3 62. Rb3 Qxb3 63. cxb3 Kb4 64. Kb1 Kxb3 65.
Ka1 1/2-1/2

[Event "Snabb-SM för veteraner, 65+ 2019"]
[Site "Schackcentrum, Vegagatan 20, Gothenburg, Sweden"]
[Date "2019.10.05"]
[Round "5.8"]
[White "Bohlin, Jan"]
[Black "Nilsson, Weine"]
[Result "0-1"]
[TimeControl "15 minutes + 10 seconds per move from move one"]
[WhiteFideId "1758616"]
[BlackFideId "1716727"]
[WhiteElo "1794"]
[BlackElo "1847"]

1. c4 c5 2. g3 Nc6 3. Nc3 g6 4. Bg2 Bg7 5. Nf3 d6 6. O-O e6 7. e3 Nge7 8. d4 cxd4 9. exd4 O-O 10. Bf4 e5 11. dxe5 dxe5 12.
Bg5 f6 13. Be3 Be6 14. b3 Qa5 15. Rc1 Rad8 16. Qe2 Nf5 17. Bd2 Ncd4 18. Nxd4 Nxd4 19. Qe3 Nf5 20. Qe2 Qa6 21. Rfd1 Rd7 22.
Na4 b6 23. Bc3 Rfd8 24. Rxd7 Rxd7 25. Rd1 Qc8 26. Rxd7 Qxd7 27. Qd2 Nd4 28. c5 b5 29. Nb2 f5 30. Nd3 e4 31. Nf4 Bf7 32.
c6 Qxc6 33. Bxd4 g5 34. Ne2 Qd5 35. Bc3 Bxc3 36. Qxd5 Bxd5 37. Nxc3 Bc6 38. Kf1 Kf7 39. Ke2 Ke6 40. Ke3 Ke5 41. Bf1 b4 42. Nb1 f4+ 43.
gxf4+ gxf4+ 44. Kd2 Kd4 45. a3 a5 46. axb4 axb4 47. Bc4 Bd7 48. Ke2 Bg4+ 49. Kf1 Bh3+ 50. Kg1 e3 51. fxe3+ fxe3 52. Bf1 Bf5 53. Bc4 Bxb1 54.
Kg2 Kc3 55. Kf3 Kd2 56. Bb5 Bd3 0-1

[Event "Snabb-SM för veteraner, 65+ 2019"]
[Site "Schackcentrum, Vegagatan 20, Gothenburg, Sweden"]
[Date "2019.10.05"]
[Round "5.9"]
[White "Alfven, Jorgen"]
[Black "Olesen, Christer"]
[Result "0-1"]
[TimeControl "15 minutes + 10 seconds per move from move one"]
[WhiteFideId "1715950"]
[BlackFideId "1739069"]
[WhiteElo "1791"]
[BlackElo "1809"]

1. d4 Nf6 2. Nf3 d5 3. e3 c6 4. Bd3 Bg4 5. c3 e6 6. Nbd2 Bd6 7. h3 Bh5 8. Qc2 Nbd7 9. b3 Rc8 10.
Bb2 O-O 11. g4 Bg6 12. Bxg6 hxg6 13. c4 c5 14. Ne5 cxd4 15. exd4 Qc7 16. f4 dxc4 17. bxc4 Nd5 18. Qe4 N7f6 19.
Qf3 Nb4 20. O-O Rcd8 21. g5 Nh5 22. a3 Bxe5 23. fxe5 Nc2 24. Rab1 Nxd4 25. Bxd4 Rxd4 26. Rxb7 Qc5 27. Nb3 Qxe5 28.
Nxd4 Qxd4+ 29. Kh1 Qxc4 30. Rxf7 Rxf7 31.
Qxf7+ Kh7 32. Qf3 e5 33. Re1 e4 34.
Qe3 Qe6 35. Kh2 Qf5 36. Qxe4 Qf2+ 37.
Qg2 Qxe1 38. Qf3 Qd2+ 39. Qg2 Qxg2+ 40. Kxg2 Nf4+ 41. Kg3 Nd3 42. Kf3 Kg8 43. Ke3 Nc5 44. h4 Kf7 45. Kd4 Nd7 46. Kd5 Ke7 47. Kc6 Ke6 48.
a4 Ne5+ 49. Kb7 Kd6 50. Kxa7 Kc7 51. Ka6 Nf3 52. Kb5 Nxh4 53. Kc5 Nf3 54. a5 Kb7 55. Kd5 Nxg5 56. Ke5 Ka6 57. Kf4 Nf7 58.
Ke4 Kxa5 59. Kd5 g5 60.
Ke4 Kb5 61. Kf5 Kc5 0-1

[Event "Snabb-SM för veteraner, 65+ 2019"]
[Site "Schackcentrum, Vegagatan 20, Gothenburg, Sweden"]
[Date "2019.10.05"]
[Round "6.1"]
[White "Stroem, Leif"]
[Black "Fransson, Lennart"]
[Result "1/2-1/2"]
[TimeControl "15 minutes + 10 seconds per move from move one"]
[WhiteFideId "1709410"]
[BlackFideId "1706756"]
[WhiteElo "2014"]
[BlackElo "1983"]

1. c4 Nf6 2. g3 g6 3. Bg2 Bg7 4. Nc3 O-O 5. e4 d6 6.
Nge2 Na6 7. O-O c6 8. d4 Bd7 9. h3 Nc7 10. Be3 Rb8 11. Qd2 b5 12. b3 bxc4 13. bxc4 Qc8 14. Kh2 Qa6 15. c5 dxc5 16. dxc5 Rfd8 17.
Qc1 Qc4 1/2-1/2

[Event "Snabb-SM för veteraner, 65+ 2019"]
[Site "Schackcentrum, Vegagatan 20, Gothenburg, Sweden"]
[Date "2019.10.05"]
[Round "6.2"]
[White "Green, Per"]
[Black "Dolata, Henryk"]
[Result "1/2-1/2"]
[TimeControl "15 minutes + 10 seconds per move from move one"]
[WhiteFideId "1703811"]
[BlackFideId "1709046"]
[WhiteElo "1923"]
[BlackElo "2064"]

1. Nf3 Nf6 2. c4 e6 3. g3 d5 4. Bg2 Be7 5.
O-O O-O 6. b3 b6 7. Bb2 Bb7 8. e3 Nbd7 9. Nc3 c5 10. Qe2 Rc8 11. Rfd1 Qc7 12. Rac1 Rfd8 13. cxd5 Nxd5 14. d4 Qb8 15.
Ne1 Nxc3 16. Bxc3 Bxg2 17. Nxg2 Qb7 18. dxc5 Nxc5 19. Qg4 Bf8 20. Rxd8 Rxd8 21. Nf4 Qe4 22. Qh4 Rd7 23. Qg5 h6 24.
Qh5 Nd3 25. Nxd3 Qxd3 26. Bd4 Qa6 27. a4 Qb7 28. Qg4 Rc7 29. Qd1 Rxc1 30. Qxc1 Qd5 31. Qc2 Qb7 32. h3 a6 33. Qc3 b5 34.
axb5 axb5 35. b4 f6 36. Bc5 Qc6 37. Qd4 Bxc5 38. bxc5 Kf7 39. Qb4 Ke7 40. h4 Kd7 41. Kf1 Qa6 42. Qd4+ Ke8 43. Kg2 Qb7+ 44.
f3 b4 45. Qc4 b3 46. c6 Qc7 47. Qxe6+ Kf8 48. Qxb3 Qxc6 49. Qd3 Kg8 50. e4 Qa4 51. Qd2 Kh7 52. Kh2 Qb5 53. Qc2 Kh8 54. f4 Qd7 55. Qe2 Qe6 56.
Qc2 Qd7 57. e5 fxe5 58. fxe5 Qe6 59. Qe2 Kg8 60. Qe3 Kf7 61. Qa7+ Kg6 62. Qe3 Kf5 63. Qf4+ Kg6 64. g4 Qa2+ 65. Kg3 Kh7 66. Qf5+ Kg8 67.
e6 Qb3+ 68. Kf4 Qc4+ 69. Qe4 Qf1+ 70. Ke5 Qf6+ 71. Kd5 Qd8+ 72. Kc4 Qc7+ 73. Kd3 Qe7 74. Qf5 Qd6+ 75. Ke2 Qh2+ 76. Qf2 Qe5+ 77.
Qe3 Qb5+ 78. Kf2 Qb2+ 79. Kg3 Qb8+ 80. Kf3 Qb7+ 81. Kf4 Qe7 82. Kf5 Qf6+ 83. Ke4 Qxe6+ 84. Kf4 Qd6+ 85. Kf3 Qd5+ 86. Kg3 Qd6+ 87. Kh3 Qd7 88.
h5 Qf7 89. Qd3 Qe7 90. Qf3 Qe6 91. Qa8+ Kh7 92. Qf3 1/2-1/2

[Event "Snabb-SM för veteraner, 65+ 2019"]
[Site "Schackcentrum, Vegagatan 20, Gothenburg, Sweden"]
[Date "2019.10.05"]
[Round "6.3"]
[White "Nilsson, Weine"]
[Black "Wahlstrom, Lennart"]
[Result "0-1"]
[TimeControl "15 minutes + 10 seconds per move from move one"]
[WhiteFideId "1716727"]
[BlackFideId "1706829"]
[WhiteElo "1847"]
[BlackElo "2109"]

1. Nf3 d5 2. g3 c5 3. Bg2 Nc6 4. d4 Nf6 5. O-O e6 6. e3 Be7 7. b3 O-O 8. Bb2 Ne4 9. Nbd2 f5 10. a4 b6 11. Ne5 Nxe5 12.
dxe5 Ba6 13. Re1 Rc8 14. f4 Qc7 15. Nxe4 dxe4 16. c4 Rfd8 17. Qc2 Rd7 18. Rad1 Rcd8 19. Bc3 Bb7 20. Bf1 Bc6 21.
Rxd7 Rxd7 22. Be2 Qd8 23. Rd1 a6 24. Rxd7 Qxd7 25. Qd2 Qe8 26. Kg2 g5 27. Qe1 Qg6 28. Kh1 Qh6 29. a5 b5 30.
cxb5 axb5 31. a6 gxf4 32. gxf4 Qh3 33. Qg3+ Qxg3 34. hxg3 b4 35. Bb2 Bd8 36. Bc4 Kf7 37. Kg2 Bb6 38.
Kh3 Bd5 39. Bxd5 exd5 40. e6+ Kxe6 41. Be5 c4 42. Bd4 c3 43. Bxb6 c2 44. a7 c1=Q 45. Kg2 Qc6 46. Bd4 Kd7 47. Kh3 Kc7 48. Kg2 Kb7 49. Kf2 Qc2+ 50.
Ke1 0-1

[Event "Snabb-SM för veteraner, 65+ 2019"]
[Site "Schackcentrum, Vegagatan 20, Gothenburg, Sweden"]
[Date "2019.10.05"]
[Round "6.4"]
[White "Andersson, Kaj"]
[Black "Kvarby, Anders"]
[Result "0-1"]
[TimeControl "15 minutes + 10 seconds per move from move one"]
[WhiteFideId "1709860"]
[BlackFideId "1746596"]
[WhiteElo "2083"]
[BlackElo "1887"]

1. e4 d5 2. exd5 Qxd5 3.
Nc3 Qa5 4. d4 Nf6 5. Bd3 Bg4 6. Nge2 e6 7.
O-O Be7 8. h3 Bh5 9. Bd2 c6 10. Ne4 Qd8 11. c3 Nbd7 12. Re1 O-O 13. Qc2 Nxe4 14. Bxe4 Nf6 15. Bd3 Bg6 16. Bxg6 hxg6 17.
Rad1 Qc7 18. Ng3 Kh7 19. Bg5 Rh8 20. Bxf6 gxf6 21. Re3 Kg7 22. Rde1 Rh6 23. c4 f5 24. Rf3 Rah8 25. Qe2 Bf6 26.
Qd3 Rd8 27. Ne2 g5 28. Rg3 Rdh8 29. f4 g4 30. hxg4 Bh4 31. gxf5+ Kf6 32. fxe6 fxe6 33. d5 Bxg3 34. Nxg3 cxd5 35.
cxd5 Qc5+ 36. Kf1 Qxd5 37. Qc3+ Ke7 38. Qc7+ Qd7 39. Qc5+ Ke8 40. f5 Qd3+ 41. Kf2 Qd2+ 42. Re2 Qf4+ 43.
Kg1 Qxg3 44. Qc8+ Ke7 45. Rxe6+ Rxe6 46. Qxe6+ Kf8 47. Qf6+ Kg8 48. Qe6+ Kh7 49. f6 Qg8 50. f7 Qg7 51. Qh3+ Kg6 52. Qe6+ Qf6 53.
Qe4+ Kxf7 54. Qxb7+ Ke6 55.
Qxa7 Qxb2 56. Qe3+ Kd5 57. Qf3+ Kc4 58. Qc6+ Kd3 59. Qg6+ Kd2 60. Qd6+ Kc1 61. Qd3 Qb6 62. Kf1 Rf8 63.
Ke1 Qf2 64. Kd2+ 0-1

[Event "Snabb-SM för veteraner, 65+ 2019"]
[Site "Schackcentrum, Vegagatan 20, Gothenburg, Sweden"]
[Date "2019.10.05"]
[Round "6.5"]
[White "Landin, Bo"]
[Black "Przysuski, Feliks"]
[Result "1/2-1/2"]
[TimeControl "15 minutes + 10 seconds per move from move one"]
[WhiteFideId "1705261"]
[BlackFideId "1712489"]
[WhiteElo "1959"]
[BlackElo "2008"]

1. e4 c5 2. Nf3 e6 3. d4 cxd4 4.
Nxd4 a6 5. g3 Qc7 6. Bg2 Nc6 7.
Nc3 Nf6 8. O-O Nxd4 9. Qxd4 Bc5 10. Qd3 O-O 11. Bg5 Be7 12. Rfe1 d6 13. Rad1 Rd8 14. h3 Rb8 15. a3 b5 16.
Qe2 Bb7 17. e5 dxe5 18. Bxb7 Rxb7 19. Rxd8+ Qxd8 20. Qxe5 h6 21. Rd1 Qc7 22. Bf4 Qc6 23. Rd3 Nd7 24. Qe4 Qc8 25. Qe2 Nc5 26. Rd2 Rd7 27. Qd1 Rxd2 28.
Qxd2 Qc6 29. Be3 Nd7 30. Qd3 Ne5 31.
Qe4 Qxe4 32. Nxe4 Nc4 33. Bc1 f5 34. Nd2 Nxd2 35. Bxd2 Bf6 36. b3 e5 37. Kf1 Kf7 38. Ke2 1/2-1/2

[Event "Snabb-SM för veteraner, 65+ 2019"]
[Site "Schackcentrum, Vegagatan 20, Gothenburg, Sweden"]
[Date "2019.10.05"]
[Round "6.6"]
[White "Nyberg, Bo"]
[Black "Franzen, Thomas"]
[Result "1/2-1/2"]
[TimeControl "15 minutes + 10 seconds per move from move one"]
[WhiteFideId "1710583"]
[BlackFideId "1706039"]
[WhiteElo "1806"]
[BlackElo "1860"]

1. d4 Nf6 2. Bf4 d6 3. e3 g6 4. Nf3 Bg7 5. c3 O-O 6. Bc4 c6 7. O-O Nbd7 8. Nbd2 Nh5 9. Bg5 b5 10.
Bb3 a5 11. a3 h6 12. Bh4 Nb6 13. Rc1 Kh7 14. Bc2 d5 15. Ne5 Bxe5 16. dxe5 f5 17. exf6 Nxf6 18. e4 Qd6 19. Bg3 e5 20.
Nf3 Nc4 21. b3 dxe4 22. Qxd6 Nxd6 23. Nxe5 Nf5 24. Nxc6 Bb7 25. Nd4 Nxd4 26. cxd4 Rad8 27. Be5 Bd5 28. b4 a4 29. Bb1 Nd7 30.
Rc7 Rf7 31. Rfc1 Kg8 32. Bd6 Rf6 33.
Bc5 Re6 34. Re1 Nf6 35. Be7 Re8 36. Bxf6 Rxf6 37. Rc5 Rd6 38. Rxd5 Rxd5 39. Ba2 Red8 40. Rxe4 Kf8 41. Bxd5 Rxd5 42. f3 Kf7 43. Kf2 Kf6 44. Ke3 Rd7 45. Re5 Rb7 46.
Rc5 Ke6 47. d5+ Kd6 48. Rc6+ Kxd5 49. Rxg6 Rc7 50. Kd3 Rc1 51. Rxh6 Ra1 52. Rh5+ Kc6 53. Rc5+ Kb6 54. Rc3 Ra2 55. g4 Rxh2 56. Ke4 Rb2 57.
Kf5 Rb3 58. Rc1 Rxf3+ 59. Kg6 Rxa3 60. g5 Rb3 61. Kf7 Rxb4 62. Rg1 Rc4 63. g6 Rc7+ 64. Kf6 b4 65. g7 Rxg7 66. Rxg7 Kc5 67. Ke5 Kc4 68. Rc7+ Kb3 69. Kd4 a3 70. Kc5 a2 71. Ra7 Kb2 72. Kxb4 a1=Q 73. Rxa1 Kxa1 1/2-1/2

[Event "Snabb-SM för veteraner, 65+ 2019"]
[Site "Schackcentrum, Vegagatan 20, Gothenburg, Sweden"]
[Date "2019.10.05"]
[Round "6.8"]
[White "Degerfeldt, Sven"]
[Black "Olsson, Torgny"]
[Result "1-0"]
[TimeControl "15 minutes + 10 seconds per move from move one"]
[WhiteFideId "1717430"]
[BlackFideId "1717340"]
[WhiteElo "1822"]
[BlackElo "1716"]

1. d4 Nf6 2. Nf3 g6 3. Bg5 Bg7 4. e3 d5 5. Nbd2 O-O 6. h3 Bf5 7. c4 c6 8. Bf4 Nbd7 9. Be2 Qb6 10.
b3 Rfe8 11. O-O Rac8 12. a3 a5 13. c5 Qd8 14. b4 b6 15. Ba6 Ra8 16. Bb7 bxc5 17. Bxa8 Qxa8 18. bxc5 Ne4 19. Nxe4 dxe4 20. Nd2 e5 21. dxe5 Nxe5 22.
Bxe5 Bxe5 23. Rb1 Rd8 24. Qc2 Re8 25. Nc4 Bc7 26. Rfd1 Re7 27. Nd6 Bd7 28. Rd4 Bxd6 29. Rxd6 Qc8 30.
Rbd1 Kg7 31. Qc3+ Kh6 32. Qf6 Qe8 33. g4 Re6 34. Qh4+ Kg7 35. Rxd7 Qf8 36. R1d6 Rxd6 37. Rxd6 Qb8 38.
Qf6+ Kh6 39. Qf4+ Kg7 40. Rxg6+ 1-0

[Event "Snabb-SM för veteraner, 65+ 2019"]
[Site "Schackcentrum, Vegagatan 20, Gothenburg, Sweden"]
[Date "2019.10.05"]
[Round "6.9"]
[White "Olesen, Christer"]
[Black "Svensson, Soren"]
[Result "0-1"]
[TimeControl "15 minutes + 10 seconds per move from move one"]
[WhiteFideId "1739069"]
[BlackFideId "1714937"]
[WhiteElo "1809"]
[BlackElo "1845"]

1. d4 d5 2. Bf4 Nf6 3. e3 e6 4. Nf3 c5 5. c3 Nc6 6. Nbd2 b6 7. Bb5 Bd7 8. Qe2 Be7 9. Rd1 Qc8 10.
Ba6 Qd8 11. e4 Bc8 12. Bb5 Bd7 13. e5 Nh5 14. Be3 g5 15. Bxc6 Bxc6 16. Nxg5 Ng7 17. Ngf3 Nf5 18. Nf1 Rg8 19.
Ng3 Nxe3 20. Qxe3 Bb5 21. b3 Qc7 22. Rc1 Rc8 23. Qh6 Bd3 24. Kd2 cxd4 25. Kxd3 dxc3 26. Qxh7 Rg4 27. Rc2 Qc5 28.
Ne2 Qb5+ 29. Ke3 Re4+ 30. Qxe4 dxe4 31. Kxe4 Qb4+ 32. Nfd4 f5+ 33. Kf4 Bf8 0-1

[Event "Snabb-SM för veteraner, 65+ 2019"]
[Site "Schackcentrum, Vegagatan 20, Gothenburg, Sweden"]
[Date "2019.10.06"]
[Round "7.1"]
[White "Kvarby, Anders"]
[Black "Stroem, Leif"]
[Result "1/2-1/2"]
[TimeControl "15 minutes + 10 seconds per move from move one"]
[WhiteFideId "1746596"]
[BlackFideId "1709410"]
[WhiteElo "1887"]
[BlackElo "2014"]

1. d4 g6 2. c4 Bg7 3. Nc3 d6 4. e4 e5 5. d5 f5 6. exf5 Bxf5 7. Nge2 Nf6 8. Ng3 Nbd7 9. Bd3 Bxd3 10.
Qxd3 Nc5 11. Qc2 Qe7 12. Bg5 O-O-O 13. b4 Ncd7 14. O-O h6 15. Be3 e4 16. Rac1 Ne5 17. Ncxe4 Nfg4 18. Bxa7 h5 19.
h3 h4 20. Ne2 Bh6 21. f4 Ne3 22. Bxe3 Rde8 23. Bd4 Nf7 24. Bxh8 Qxe4 25. Qxe4 Rxe4 26. Rc2 Nxh8 27. f5 gxf5 28. Rxf5 Ng6 29. Rf6 Be3+ 30. Kf1 Ne5 31. Re6 Kd7 32. a3 b6 33. c5 bxc5 34. bxc5 Bxc5 35.
Rh6 Nc4 36. Rh7+ Kd8 1/2-1/2

[Event "Snabb-SM för veteraner, 65+ 2019"]
[Site "Schackcentrum, Vegagatan 20, Gothenburg, Sweden"]
[Date "2019.10.06"]
[Round "7.2"]
[White "Fransson, Lennart"]
[Black "Green, Per"]
[Result "1-0"]
[TimeControl "15 minutes + 10 seconds per move from move one"]
[WhiteFideId "1706756"]
[BlackFideId "1703811"]
[WhiteElo "1983"]
[BlackElo "1923"]

1. c4 Nf6 2. g3 e6 3. Bg2 d5 4. Nf3 Be7 5. O-O O-O 6. Qc2 b6 7. b3 Bb7 8. Bb2 c5 9. cxd5 Nxd5 10.
Rd1 Nb4 11. Qc1 Bf6 12. Nc3 N8c6 13. a3 Na6 14. Ne4 Bxb2 15. Qxb2 Qe7 16. Rac1 Rfd8 17. d3 Nc7 18. d4 cxd4 19.
Nxd4 Nxd4 20. Rxd4 Rxd4 21. Qxd4 Nd5 22. b4 Rd8 23. Qb2 h6 24. Nd2 Nf6 25. Bxb7 Qxb7 26. Qc2 Qa6 27. Nb1 Nd5 28.
e4 Nf6 29. Kg2 Qb7 30. f3 Qa6 31. Kf2 Qb7 32. Qc7 Rd7 33. Qxb7 Rxb7 34. Rc8+ Kh7 35. Ke3 Rd7 36. Nc3 g6 37.
Nb5 a6 38. Nc7 a5 39. bxa5 bxa5 40. Nb5 a4 41. Rc7 Kg7 42. Rxd7 Nxd7 43. Nc3 Nb6 44. Kd4 Kf6 45. f4 Ke7 46. Kc5 Nd7+ 47. Kc6 Nb8+ 48.
Kb5 Kd6 49. Nxa4 Nc6 50. Kc4 Na5+ 51. Kd3 Kc6 52. Nc3 Kc5 53. e5 Nc4 54. Ne4+ Kb5 55. a4+ Kb4 56. Nd6 Nb6 57. a5 Kxa5 58. Nxf7 h5 59. Nd8 Nd7 60. Nxe6 Kb5 61. Kd4 Kc6 62.
h3 Kb7 63. Nc5+ 1-0

[Event "Snabb-SM för veteraner, 65+ 2019"]
[Site "Schackcentrum, Vegagatan 20, Gothenburg, Sweden"]
[Date "2019.10.06"]
[Round "7.3"]
[White "Wahlstrom, Lennart"]
[Black "Degerfeldt, Sven"]
[Result "1/2-1/2"]
[TimeControl "15 minutes + 10 seconds per move from move one"]
[WhiteFideId "1706829"]
[BlackFideId "1717430"]
[WhiteElo "2109"]
[BlackElo "1822"]

1. e4 c5 2. Nf3 Nc6 3. d4 cxd4 4.
Nxd4 d6 5. Be2 g6 6. O-O Bg7 7. Nb3 Nf6 8. Nc3 O-O 9. Be3 a6 10. f4 e6 11. Bf3 Qc7 12. a4 e5 13. a5 exf4 14.
Bxf4 Ne5 15. Be2 Be6 16. Bg5 Ne8 17. Nd4 h6 18. Nxe6 fxe6 19. Rxf8+ Bxf8 20. Bf4 Nf6 21. Kh1 g5 22.
Be3 Be7 23. Bb6 Qc6 24. Qd4 Nfd7 25. Rf1 Nxb6 26. Qxb6 Qxb6 27. axb6 Rc8 28. Na4 Bd8 29. c3 Rc6 30. Rd1 Bxb6 31.
Rf1 Bd8 32. g3 b5 33. h4 bxa4 34. hxg5 Bxg5 35. Ra1 Rb6 36. Ra2 Be3 37. Kg2 Bc5 38. Kh3 d5 39. exd5 exd5 40. Bd1 Nc4 41. Rxa4 Nxb2 42. Rg4+ Kh8 43.
Bf3 Rd6 44. Rf4 Nd3 45. Rf7 Ne5 46.
Rf8+ Kg7 47. Rc8 Nxf3 48. Rxc5 Ng5+ 49. Kg4 Ne4 50. Rc7+ Kg6 51. Kf4 Kf6 52. c4 Ng5 53. cxd5 a5 54.
Rc5 a4 55. Ra5 Nf7 56. g4 Ne5 57. Rxa4 Nd3+ 58.
Kg3 Rxd5 59. Kh4 Rd6 60. Ra5 Kg6 61. Ra8 Nf4 62. Rg8+ Kf7 63. Ra8 Ng6+ 64. Kh5 Ne7 65. Ra7 Re6 66.
Rb7 Kg7 67. Rb5 Rd6 68. g5 hxg5 69. Kxg5 1/2-1/2

[Event "Snabb-SM för veteraner, 65+ 2019"]
[Site "Schackcentrum, Vegagatan 20, Gothenburg, Sweden"]
[Date "2019.10.06"]
[Round "7.4"]
[White "Dolata, Henryk"]
[Black "Landin, Bo"]
[Result "1-0"]
[TimeControl "15 minutes + 10 seconds per move from move one"]
[WhiteFideId "1709046"]
[BlackFideId "1705261"]
[WhiteElo "2064"]
[BlackElo "1959"]

1. e4 e6 2. b3 d5 3. Bb2 dxe4 4.
Nc3 Nf6 5. g4 e5 6. h3 b6 7. Bg2 Bb7 8. g5 Nfd7 9. Nxe4 Nc5 10. Qe2 Nxe4 11. Bxe4 Bxe4 12. Qxe4 Nd7 13. Nf3 Be7 14.
Nxe5 Nxe5 15. Qxe5 Rg8 16. O-O-O Qd6 17. Qe4 O-O-O 18. h4 Kb8 19. Qxh7 f6 20. Qf5 fxg5 21. hxg5 Rdf8 22. Qg4 Rxf2 23.
Rhe1 Rf4 24. Qg2 Qd7 25. Kb1 Rf5 26. g6 Rg5 27. Qe4 Bd6 28. Rf1 Rg4 29. Qd5 Rf4 1-0

[Event "Snabb-SM för veteraner, 65+ 2019"]
[Site "Schackcentrum, Vegagatan 20, Gothenburg, Sweden"]
[Date "2019.10.06"]
[Round "7.5"]
[White "Przysuski, Feliks"]
[Black "Nyberg, Bo"]
[Result "1/2-1/2"]
[TimeControl "15 minutes + 10 seconds per move from move one"]
[WhiteFideId "1712489"]
[BlackFideId "1710583"]
[WhiteElo "2008"]
[BlackElo "1806"]

1. e4 e6 2. d4 d5 3. Nd2 c5 4. exd5 Nf6 5. Ngf3 Nxd5 6. Nb3 Nc6 7. Bb5 Qb6 8. Qe2 Bd7 9. O-O cxd4 10.
Rd1 Bc5 11. Nxc5 Qxc5 12. Bxc6 Bxc6 13. Nxd4 O-O 14. c3 Rac8 15. Nb3 Qb6 16. c4 Nf6 17. Be3 Qc7 18. Nd4 a6 19. Rac1 e5 20.
Nf5 Rcd8 21. Bg5 Rxd1+ 22. Rxd1 Ne4 23. Be3 g6 24. Ng3 Nxg3 25. hxg3 e4 26. b3 Rd8 27. Bd4 b5 28. c5 f5 29.
Qb2 e3 30. f4 Qf7 31. Re1 Qd5 32. Bxe3 Re8 33. Qf2 Re4 34. Qf3 a5 35. Qf2 a4 36. bxa4 Rxa4 37. Re2 Qd1+ 38. Qf1 Qxf1+ 39. Kxf1 Bd5 40. Rc2 Rxa2 41. Rxa2 Bxa2 42. c6 Be6 43.
c7 Bc8 44. Bc5 Kf7 45. Ke2 Ke6 46. Ke3 Kd7 47. Bb6 Bb7 48. Kd4 Bxg2 49. Kc5 Kc8 50. Kxb5 h6 51. Kc5 g5 52. fxg5 hxg5 53. Kd4 f4 54. gxf4 gxf4 55. Ke5 1/2-1/2

[Event "Snabb-SM för veteraner, 65+ 2019"]
[Site "Schackcentrum, Vegagatan 20, Gothenburg, Sweden"]
[Date "2019.10.06"]
[Round "7.6"]
[White "Olsson, Tomas"]
[Black "Andersson, Kaj"]
[Result "1-0"]
[TimeControl "15 minutes + 10 seconds per move from move one"]
[WhiteFideId "1702696"]
[BlackFideId "1709860"]
[WhiteElo "1973"]
[BlackElo "2083"]

1. e4 c5 2. d4 cxd4 3. Nf3 d6 4. Nxd4 Nf6 5. Nc3 a6 6. Be2 e5 7. Nb3 Be6 8. f4 Nbd7 9. f5 Bxb3 10.
axb3 Rc8 11. Bf3 Be7 12. Be3 O-O 13. Qd2 Kh8 14. g4 Ne8 15. g5 Nc7 16. h4 d5 17. exd5 Bc5 18. O-O-O Nb5 19.
Ne4 Bxe3 20. Qxe3 Nd4 21. Rh2 Nxf5 22. Qd3 Nd4 23. Bg4 Nc5 24. Nxc5 Rxc5 25. Kb1 Rxd5 26. Qe4 Rd6 27. Rhd2 Qa5 28.
c3 Nxb3 29. Rxd6 Qa1+ 30. Kc2 Nd4+ 31. R6xd4 Qa5 32. Rd5 Qa4+ 33. Qxa4 1-0

[Event "Snabb-SM för veteraner, 65+ 2019"]
[Site "Schackcentrum, Vegagatan 20, Gothenburg, Sweden"]
[Date "2019.10.06"]
[Round "7.7"]
[White "Franzen, Thomas"]
[Black "Alfven, Jorgen"]
[Result "1/2-1/2"]
[TimeControl "15 minutes + 10 seconds per move from move one"]
[WhiteFideId "1706039"]
[BlackFideId "1715950"]
[WhiteElo "1860"]
[BlackElo "1791"]

1. d4 Nf6 2. Nf3 e6 3. g3 d5 4. Bg2 Bd6 5. c4 c6 6. Qc2 dxc4 7. Qxc4 Nbd7 8. O-O Qc7 9. Nc3 a6 10.
a3 b5 11. Qd3 c5 12. e4 c4 13. Qe2 Be7 14.
Bf4 Qa7 15. d5 O-O 16. dxe6 fxe6 17. Ng5 e5 18. Be3 Nc5 19. Nf3 Bg4 20. h3 Bxf3 21. Bxf3 Qc7 22. Nd5 Nxd5 23. exd5 Bd6 24. Rad1 Rae8 25. Bg2 Qf7 26.
Kh2 Nd3 27. Be4 Nc5 28. Bxc5 Bxc5 29. f3 Bd4 30. Qc2 g6 31. Qd2 Kg7 32. Rc1 Qc7 33. Rfd1 Qc5 34. Rc2 Be3 35. Qe2 Bd4 36.
Qd2 Be3 37. Qe2 Bd4 38. Qd2 a5 1/2-1/2

[Event "Snabb-SM för veteraner, 65+ 2019"]
[Site "Schackcentrum, Vegagatan 20, Gothenburg, Sweden"]
[Date "2019.10.06"]
[Round "7.8"]
[White "Svensson, Soren"]
[Black "Nilsson, Weine"]
[Result "1/2-1/2"]
[TimeControl "15 minutes + 10 seconds per move from move one"]
[WhiteFideId "1714937"]
[BlackFideId "1716727"]
[WhiteElo "1845"]
[BlackElo "1847"]

1. d4 Nf6 2. Nf3 e6 3. c4 Bb4+ 4. Nbd2 O-O 5. a3 Bxd2+ 6. Bxd2 Ne4 7. Bf4 d6 8. e3 b6 9. Bd3 Bb7 10.
O-O Nd7 11. Qc2 f5 12. Nd2 e5 13. Bxe4 fxe4 14.
Bg3 exd4 15. exd4 Qf6 16. d5 Rae8 17. Rae1 Qg6 18. b4 e3 19. Qxg6 exf2+ 20. Bxf2 hxg6 21. Bd4 a6 22. Nf3 b5 23.
cxb5 axb5 24. Rc1 Bxd5 25. Rxc7 Nf6 26. Nh4 Rf7 27. Rxf7 Kxf7 28. Nf3 Bc4 29. Rc1 Ra8 30. Bb2 Ne4 31.
Re1 Nf6 32. Ng5+ Kg8 33. Re7 Rd8 34. Ne6 Bxe6 35. Rxe6 Kf7 36. Re2 d5 37. Bd4 Ne4 38. Rc2 Ra8 39. Rc7+ Ke6 40. Bb2 g5 41.
Rb7 Rc8 42. h3 Rc2 43. Bxg7 Ra2 44. Rxb5 Rxa3 45. Rb6+ Kf5 46. Rb8 Kf4 47. Bd4 Rd3 48. Rf8+ Kg3 49. Be5+ Kh4 1/2-1/2